 Dungeon Crawl Stone Soup version 0.30.0 (webtiles) character file.

Game seed: 15541166364776023604

1841 firemarshallily the Covert (level 9, -1/61 HPs)
             Began as an Octopode Brigand on May 5, 2023.
             Was a Believer of Dithmenos.
             Slain by a centaur (4 damage)
             ... on level 6 of the Dungeon.
             The game lasted 00:12:39 (5388 turns).

firemarshallily the Covert (Octopode Brigand)       Turns: 5388, Time: 00:12:40

Health: -1/61      AC:  3    Str: 10 (11) XL:     9   Next: 12%
Magic:  18/18      EV: 15    Int: 11 (13) God:    Dithmenos [**....]
Gold:   355        SH:  4    Dex: 15 (17) Spells: 8/8 levels left

rFire   . . .        a - +2 dagger
rCold   . . .        (no shield)
rNeg    . . .        (helmet restricted)
rPois   .            e - amulet of the acrobat
rElec   .            g - ring of magical power
rCorr   .            (no ring)
SInv    .            (no ring)
Will    .....        (no ring)
Stlth   ++++++       (no ring)
HPRegen 0.30/turn    (no ring)
MPRegen 0.16/turn    (no ring)
                     (no ring)

%: acrobat
@: wreathed by umbra
A: almost no armour, amphibious, 8 rings, camouflage 1, gelatinous body 1,
(nimble swimmer 1), tentacles, antennae 1, iridescent scales 1, large bone
plates 1
a: Renounce Religion, Shadow Step


You were on level 6 of the Dungeon.
You worshipped Dithmenos.
Dithmenos was pleased with you.
You visited 2 branches of the dungeon, and saw 7 of its levels.

You collected 355 gold pieces.

Inventory:

Hand Weapons
 a - a +2 dagger (weapon)
 u - a +1 dagger of venom
Missiles
 b - 8 poisoned darts (quivered)
 c - 3 curare-tipped darts
 x - a throwing net
 y - 6 boomerangs
Jewellery
 e - an amulet of the acrobat (around mantle)
 g - a ring of magical power (left tentacle)
 n - a ring of fire
Wands
 v - a wand of flame (45)
Scrolls
 f - 4 scrolls of teleportation
 i - a scroll of vulnerability
 k - 3 scrolls of summoning
 o - a scroll of fear
 q - 2 scrolls of blinking
 s - a scroll of immolation
 z - a scroll of fog {unknown}
Potions
 d - 3 potions of brilliance
 j - a potion of mutation
 l - a potion of curing
 m - 2 potions of lignification
 p - a potion of cancellation {unknown}
 r - a potion of attraction {unknown}
 t - a potion of might {unknown}
 w - a potion of berserk rage {unknown}


   Skills:
 + Level 5.4 Fighting
 * Level 7.5 Short Blades
 - Level 2.0 Throwing
 + Level 5.1 Dodging
 + Level 9.1 Stealth


You had 8 spell levels left.
You didn't know any spells.
Your spell library contained the following spells:

 Spells                   Type           Power      Damage    Failure   Level
 Apportation              Tloc           0%         N/A       34%         1
 Necrotise                Necr           0%         1d4       34%         1
 Summon Small Mammal      Summ           0%         N/A       34%         1
 Blink                    Tloc           0%         N/A       47%         2
 Ensorcelled Hibernation  Hex/Ice        0%         N/A       47%         2
 Portal Projectile        Hex/Tloc       0%         N/A       71%         3
 Spider Form              Tmut/Pois      0%         N/A       71%         3
 Tukima's Dance           Hex            0%         N/A       71%         3
 Anguish                  Hex/Necr       0%         N/A       98%         4
 Manifold Assault         Tloc           0%         N/A       98%         4
 Summon Lightning Spire   Summ/Air       0%         N/A       98%         4
 Alistair's Intoxication  Tmut/Pois      0%         N/A       100%        5
 Blade Hands              Tmut           0%         N/A       100%        5
 Storm Form               Tmut/Air       0%         N/A       100%        7
 Maxwell's Capacitive Co  Air            0%         ∞         100%        8
 Chain Lightning          Conj/Air       0%         N/A       100%        9
 Fire Storm               Conj/Fire      0%         5d1       100%        9
 Shatter                  Erth           0%         3d5*      100%        9


Dungeon Overview and Level Annotations

Branches:
Dungeon (6/15)             Temple (1/1) D:4

Altars:
Ashenzari
Cheibriados
Dithmenos
Qazlal
Uskayaw
Vehumet
Wu Jian
Yredelemnul
Zin

Annotations:
D:4 3 runed translucent doors, fozzywoppz's ghost, novice MiFi


Innate Abilities, Weirdness & Mutations

You cannot wear most types of armour.
You are amphibious.
You can wear up to eight rings at the same time.
Your skin changes colour to match your surroundings (Stealth+).
Your rubbery body absorbs attacks. (AC +1, EV +1)
((You are camouflaged when in or above water. (Stealth+)))
You have tentacles for arms and can constrict up to eight enemies at once.
You have a pair of small antennae on your head.
You are partially covered in iridescent scales. (AC +2)
You are partially covered in large bone plates. (SH +4)


Message History

Dithmenos accepts your kill.
The centaur wields a +0 shortbow.
The centaur shoots an arrow.
The arrow hits you!
Found a book of Party Tricks.
The centaur unwields a +0 shortbow.
The centaur hits you. The centaur completely misses you.
You see here a bullfrog corpse.
You hit the centaur. Your squeeze misses the centaur.
The centaur is lightly wounded.
The centaur hits you. You block the centaur's attack.
The steam dragon breathes steam at you. The ball of steam hits you!
You hit the centaur but do no damage. Your squeeze misses the centaur.
The centaur is lightly wounded.
You are engulfed in a cloud of scalding steam.
* * * LOW HITPOINT WARNING * * *
The centaur hits you.
* * * LOW HITPOINT WARNING * * *
The centaur misses you.
The centaur is engulfed in a cloud of scalding steam.
You hit the steam dragon but do no damage.
You squeeze the steam dragon, but do no damage.
You are engulfed in a cloud of scalding steam.
* * * LOW HITPOINT WARNING * * *
The centaur is engulfed in a cloud of scalding steam.
The centaur hits you.
* * * LOW HITPOINT WARNING * * *
The centaur kicks you.
* * * LOW HITPOINT WARNING * * *
The steam dragon bites you but does no damage.
The steam dragon claws you.
* * * LOW HITPOINT WARNING * * *
It was a potion of degeneration.
There was something very wrong with that liquid.
You feel weakened.
You feel dopey.
You feel clumsy.
The centaur is engulfed in a cloud of scalding steam.
The centaur completely misses you. The centaur barely misses you.
The steam dragon barely misses you. x2
The centaur is engulfed in a cloud of scalding steam.
The centaur hits you.
You die...

#...# ##..#
#####...... ##..###..#
##.......... #..#...#
##........... ##...#
##....§....... #..##
#...§§........ #.##
#.....§§...... ###.#
#....§§....... ##...#
#..§..c......: .....##
#...§@D.......
..##..###
#.>........... ##
##...#####............
######
#....................
......
#.....#######........
...... #.#####
######### ###### #..#
#.## #.


You could see a steam dragon and a centaur.

Vanquished Creatures
  Grinder (D:4)
  A water moccasin (D:5)
  3 black bears (D:5)
  2 ogres
  2 bullfrogs
  5 scorpions
  A bullfrog zombie (D:4)
  6 hounds
  2 jellies (D:5)
  6 iguanas
  An orc wizard (D:5)
  A hound zombie (D:4)
  Robin (D:4)
  3 gnolls (D:5)
  5 adders
  An ufetubus (D:5)
  4 worms
  4 dart slugs
  7 orcs
  5 bats
  6 endoplasms
  3 giant cockroaches
  21 goblins
  8 hobgoblins
  4 jackals (D:1)
  3 quokkas
  5 ball pythons
  3 frilled lizards (D:1)
  8 kobolds
  6 rats
128 creatures vanquished.

Vanquished Creatures (others)
  5 plants (D:2)
5 creatures vanquished.

Grand Total: 133 creatures vanquished

Notes
Turn   | Place    | Note
-------+----------+-------------------------------------------
     0 | D:1      | firemarshallily the Octopode Brigand began the quest for
                  | the Orb.
     0 | D:1      | Reached XP level 1. HP: 14/14 MP: 1/1
   200 | D:1      | Reached XP level 2. HP: 19/19 MP: 2/2
   516 | D:1      | Found a faded altar of an unknown god.
   707 | D:1      | Reached XP level 3. HP: 22/24 MP: 3/3
  1416 | D:2      | Reached XP level 4. HP: 30/30 MP: 4/4
  2382 | D:3      | Reached skill level 6 in Stealth
  2686 | D:3      | Noticed a scorpion
  2698 | D:3      | Killed a scorpion
  2699 | D:3      | Reached XP level 5. HP: 29/36 MP: 5/5
  2818 | D:3      | You fall into a shaft and drop 3 floors!
  2843 | D:6      | Gained mutation: You are partially covered in iridescent
                  | scales. (AC +2) [potion of mutation]
  2843 | D:6      | Gained mutation: You are partially covered in large bone
                  | plates. (SH +4) [potion of mutation]
  2843 | D:6      | Gained mutation: You have a pair of small antennae on your
                  | head. [potion of mutation]
  2858 | D:6      | Reached XP level 6. HP: 8/42 MP: 6/6
  3071 | D:5      | Entered Level 5 of the Dungeon
  3144 | D:4      | Found a staircase to the Ecumenical Temple.
  3153 | Temple   | Entered the Ecumenical Temple
  3160 | Temple   | Became a worshipper of Dithmenos the Shadowed
  3190 | D:4      | Noticed Robin
  3219 | D:4      | Reached skill level 7 in Stealth
  3219 | D:4      | Killed Robin
  3302 | D:4      | Reached XP level 7. HP: 45/46 MP: 7/7
  3331 | D:4      | Reached skill level 5 in Short Blades
  3594 | D:4      | Reached * piety under Dithmenos
  3809 | D:4      | Reached XP level 8. HP: 49/54 MP: 8/8
  3844 | D:4      | Found a runed translucent gate.
  3844 | D:4      | Found a runed translucent gate.
  3844 | D:4      | Found a runed translucent gate.
  3844 | D:4      | Noticed fozzywoppz's ghost (novice MiFi)
  3845 | D:4      | Found a basalt altar of Yredelemnul.
  3897 | D:4      | Found a radiant altar of Vehumet.
  3990 | D:4      | Noticed Grinder
  3997 | D:4      | Killed Grinder
  3998 | D:4      | Reached skill level 8 in Stealth
  4603 | D:5      | Reached skill level 5 in Fighting
  4778 | D:5      | Reached ** piety under Dithmenos
  4779 | D:5      | Reached XP level 9. HP: 47/61 MP: 9/9
  4788 | D:5      | Reached skill level 5 in Dodging
  4788 | D:5      | Reached skill level 9 in Stealth
  5221 | D:5      | Found a glowing silver altar of Zin.
  5387 | D:6      | HP: 3/61 [steam dragon (1)]
  5388 | D:6      | Slain by a centaur

Illustrated notes

Levels and vault maps discovered:
D:1:      dpeg_arrival_rooms_a, layout_loops_corners,
          shapermc_ecumenical_altar_mp_highgroup, minmay_bisected
D:2:      layout_loops_ring, kennysheep_small_spiral, serial_bayou_ford_a,
          minmay_misc_feat_square
D:3:      cheibrodos_old_hovel, layout_loops_corners, serial_bayou_pond_b,
          nicolae_concentric_dashed_squares_wild, hangedman_decor_points,
          kennysheep_generic_room_7
D:4:      layout_loops_ring, nicolae_yredelemnul_ghost_church,
          vehumet_altar_wand_db, minmay_temple_entry_mist,
          minmay_three_crescents, uniq_robin, uniq_grinder
D:5:      layout_cave_pods, zin_scriptorium, nrook_mini_backslash, st_stairs_3,
          minmay_holes
D:6:      layout_cave_pods, okawaru_gym_becter, grunt_temple_overflow_diamond
Temple:   nicolae_temple_ecumenical_triangle

Skill      XL: |  1  2  3  4  5  6  7  8  9 |
---------------+----------------------------+-----
Short Blades   | 3 4 5 7 |  7.5
Dodging        | 2 3 4 5 |  5.1
Stealth        | 6 7 8 9 |  9.1
Fighting       | 3 4 5 |  5.4
Throwing       | |  2.0

Action                     |  1- 3 |  4- 6 |  7- 9 || total
---------------------------+-------+-------+-------++-------
  Melee: Dagger            |    57 |   115 |   158 ||   330
         Tentacles         |    10 |    26 |    38 ||    74
         Constrict         |     9 |    31 |    26 ||    66
         Punch             |     1 |     1 |     2 ||     4
  Throw: Dart              |       |     5 |     4 ||     9
    Use: Scroll            |       |     4 |     3 ||     7
         Potion            |       |     3 |     1 ||     4
   Stab: Sleeping          |    20 |     6 |    14 ||    40
 Armour: Skin              |     4 |    11 |    12 ||    27
  Dodge: Dodged            |    39 |    34 |    75 ||   148
  Block: Other             |       |     5 |    14 ||    19
